 Dungeon Crawl Stone Soup version 0.24.0-29-g8ce449bc06 (webtiles) character file.

Game seed: 2058159984688166817, levelgen mode: deterministic

70431 Flugslaktarn the Severer (level 14, -4/135 HPs)
             Began as a Deep Dwarf Fighter on Nov 13, 2019.
             Was the Champion of Makhleb.
             Slain by an 11-headed hydra (9 damage)
             ... on level 3 of the Swamp.
             The game lasted 00:12:21 (13634 turns).

Flugslaktarn the Severer (Deep Dwarf Fighter)      Turns: 13634, Time: 00:12:23

Health: -4/135     AC: 21    Str: 26    XL:     14   Next: 94%
Magic:  11/11      EV: 16    Int: 11    God:    Makhleb [******]
Gold:   1283       SH:  0    Dex: 12    Spells: 13/13 levels left

rFire    + . .     SeeInvis .   B - +8 frozen axe "Frostbite" {freezing cloud, *Noise +Fly rC+}
rCold    + + .     Gourm    .   (shield currently unavailable)
rNeg     + . .     Faith    .   F - +0 plate armour
rPois    .         Spirit   .   H - +1 hat "Xan Jutz" {*Drain rF+ Int+3}
rElec    .         Reflect  .   (no cloak)
rCorr    .         Harm     .   (no gloves)
MR       ++...                  x - +2 pair of boots
Stlth    ..........             (no amulet)
HPRegen  0.00/turn              v - +6 ring of evasion
MPRegen  0.12/turn              c - ring of protection from cold

@: lethally poisoned (-4 -> -4), very slightly contaminated, non-regenerating,
slowed, very slow
A: damage resistance, heal wounds, rugged brown scales 1, negative energy
resistance 1, sense surroundings 2, wild magic 2, no regeneration
a: Heal Wounds, Minor Destruction, Lesser Servant of Makhleb, Major Destruction,
Greater Servant of Makhleb, Renounce Religion, Evoke Flight


You were on level 3 of the Swamp.
You worshipped Makhleb.
Makhleb was exalted by your worship.
You were not hungry.

You visited 4 branches of the dungeon, and saw 22 of its levels.

You collected 1283 gold pieces.

Inventory:

Hand Weapons
 a - a +0 war axe
 B - the +8 frozen axe "Frostbite" (weapon) {freezing cloud, *Noise +Fly rC+}
   (You acquired it on level 4 of the Lair of Beasts)

   It has been specially enchanted to freeze those struck by it, causing extra
   injury to most foes and up to half again as much damage against particularly
   susceptible opponents.
   It can also slow down cold-blooded creatures.
   It protects you from cold.
   It lets you fly.
   It may make noises in combat.
 D - a +2 hand axe of electrocution
   (You took it off an orc on level 6 of the Dungeon)
Armour
 x - a +2 pair of boots (worn)
   (You found it on level 7 of the Dungeon)
 F - a +0 plate armour (worn)
   (You found it on level 11 of the Dungeon)
 H - the +1 hat "Xan Jutz" (worn) {*Drain rF+ Int+3}
   (You found it on level 3 of the Lair of Beasts)

   It affects your intelligence (+3).
   It protects you from fire.
   It causes draining when unequipped.
 J - a +0 shield
Jewellery
 c - a ring of protection from cold (right hand)
   (You found it on level 3 of the Lair of Beasts)
 m - an uncursed ring of protection from magic
   (You found it on level 10 of the Dungeon)
 o - a +1 ring of evasion
   (You found it on level 10 of the Dungeon)
 v - a +6 ring of evasion (left hand)
   (You took it off a kobold on level 9 of the Dungeon)
 C - an uncursed ring of positive energy {unknown}
   (You found it on level 1 of the Swamp)
 I - the ring "Aceed" {Dex+5 Stlth-}
   (You found it on level 10 of the Dungeon)

   [ring of attention]

   It affects your dexterity (+5).
   It makes you less stealthy.
Wands
 k - a wand of iceblast (14)
   (You found it on level 11 of the Dungeon)
 y - a wand of paralysis (1)
   (You found it on level 8 of the Dungeon)
 A - a wand of enslavement (6)
   (You found it on level 8 of the Dungeon)
Scrolls
 i - 6 scrolls of enchant weapon
 l - 3 scrolls of remove curse
 r - 6 scrolls of identify
 t - 12 scrolls of teleportation
 z - a scroll of blinking
 E - 3 scrolls of fear
 G - a scroll of fog {unknown}
 L - 2 scrolls of silence
 M - a scroll of vulnerability
 N - a scroll of immolation {unknown}
Potions
 b - 3 potions of mutation
 d - 2 potions of might
 f - a potion of cancellation
 g - 4 potions of flight
 h - 2 potions of haste
 j - 3 potions of brilliance
 n - 2 potions of resistance
 p - a potion of lignification
 q - 5 potions of curing
 s - 2 potions of agility
 u - 3 potions of berserk rage
 w - a potion of heal wounds
 K - a potion of invisibility
Comestibles
 e - 29 rations


   Skills:
 + Level 10.2 Fighting
 * Level 15.6 Axes
 + Level 12.0 Armour
 + Level 5.8 Dodging
 - Level 10.4 Shields
 + Level 12.4 Invocations
 + Level 11.5 Evocations


You had 13 spell levels left.
You didn't know any spells.
Your spell library was empty.

Dungeon Overview and Level Annotations

Branches:
Dungeon (11/15)            Temple (1/1) D:5            Lair (6/6) D:11
  Swamp (4/4) Lair:2       Spider (0/4) Lair:3          Orc (0/2) D:10
  Slime: Lair:5-6

Altars:
Ashenzari
Cheibriados
Dithmenos
Elyvilon
Fedhas
Kikubaaqudgha
Makhleb
Okawaru
Ru
Uskayaw
Vehumet
Wu Jian
Xom
Yredelemnul
Zin
The Shining One

Shops:
D:9 [

Annotations:
D:6 3 runed translucent doors, p0werm0de's ghost, novice DDFi
D:7 2 transporters, Arum's ghost, novice OpVM; Grum
Lair:6 exclusion: 5 oklob plants
Swamp:4 Donald


Innate Abilities, Weirdness & Mutations

You are resistant to damage.
You can heal yourself by infusing magical energy.
You resist negative energy. (rN+)
You passively map the area around you.
You do not regenerate.
You are partially covered in rugged brown scales. (AC +1, +3% HP)
Your spells are harder to cast, but more powerful.


Message History

You slice the shadow!!
You destroy the shadow!
Makhleb accepts your kill.
You feel better.
The 11-headed hydra is no longer moving slowly.
The 11-headed hydra bites you!
* * * LOW HITPOINT WARNING * * *
The 11-headed hydra bites you. The 11-headed hydra barely misses you.
The 11-headed hydra bites you but does no damage. x2
The 11-headed hydra closely misses you. The 11-headed hydra bites you. x2
The 11-headed hydra bites you!
* * * LOW HITPOINT WARNING * * *
The 11-headed hydra bites you but does no damage.
The 11-headed hydra completely misses you.
The 11-headed hydra bites you but does no damage.
The 11-headed hydra bites you.
* * * LOW HITPOINT WARNING * * *
The 11-headed hydra bites you but does no damage. x2
The 11-headed hydra barely misses you. The 11-headed hydra bites you!
You die...

≈≈≈≈≈.≈♣♣..≈≈≈≈≈≈.♣♣♣≈≈♣♣
≈≈≈.. ♣♣.≈≈≈≈....♣♣≈.≈♣
≈≈.. ♣♣.≈<≈≈≈§≈≈..♣♣♣♣
≈≈≈. *♣≈.≈≈≈≈≈≈≈≈.≈≈.♣
≈≈,, , ♣♣♣≈≈≈≈≈≈≈...≈.♣ ≈
, * ♣♣♣..≈≈..♣♣≈≈♣ ≈
♣♣♣≈.≈≈.♣♣ ♣♣♣ ≈ ,*
♣♣≈..)≈≈♣♣♣ , ♣.....@D.≈♣
, ♣♣♣♣........♣♣♣ ≈, , ,
§≈≈...>.≈≈≈...♣ , *,≈
,♣≈≈.≈≈..≈≈≈≈...♣
♣♣.≈≈≈≈≈≈≈≈≈..♣♣ * , ≈
*♣..≈≈≈≈≈≈≈≈≈..♣ , ≈≈
≈≈.≈≈≈≈≈≈≈≈.≈.♣ ≈≈≈* ≈
.≈.≈≈≈≈≈≈≈≈.≈≈. ≈
≈≈,,..♣.≈≈≈≈...≈≈≈.≈


You could see a 11-headed hydra.

Vanquished Creatures
  Kirke (Lair:5)
  A dire elephant (Lair:6)
  5 hydras
  A ghost crab (Swamp:2)
  Erica (Lair:2)
  2 catoblepae (Lair:6)
  4 alligators
  3 two-headed ogres
  A deep troll shaman (Lair:6)
  7 death yaks
  Urug (Lair:2)
  Nergalle (Lair:1)
  A spriggan druid (Swamp:4)
  4 swamp dragons
  Pikel (D:9)
  5 elephants (Lair:6)
  An ugly thing (D:10)
  2 cyclopes (D:10)
  A centaur zombie (D:10)
  Maurice (D:10)
  Joseph (D:10)
  20 spiny frogs
  7 black mambas
  A molten gargoyle (Lair:5)
  2 gargoyles
  An efreet (D:10)
  19 komodo dragons
  4 rime drakes
  A polar bear (Lair:6)
  A jumping spider (Lair:3)
  A queen bee (D:8)
  2 tyrant leeches
  2 trolls
  Prince Ribbit (D:9)
  4 slime creatures (Swamp:3)
  2 hippogriffs (Lair:6)
  A bog body (Swamp:4)
  17 blink frogs
  2 redbacks (Lair:3)
  2 shadows
  37 yaks
  A wraith (D:10)
  7 fire bats
  A fire elemental (Lair:4)
  6 wyverns
  6 basilisks
  6 hogs (Lair:5)
  Menkaure (D:5)
  3 hungry ghosts
  6 vampire mosquitoes (Swamp:2)
  3 swamp worms
  17 water moccasins
  3 porcupines
  2 orc warriors
  4 swamp drakes
  3 black bears
  4 ice beasts
  2 slaves (D:9)
  A necrophage (D:10)
  An eye of draining (D:9)
  6 ogres
  3 phantoms
  A centaur (D:10)
  18 wolves
  2 big kobolds
  14 crocodiles
  Blork the orc (D:5)
  13 bullfrogs
  6 scorpions
  26 killer bees
  4 wights (D:8)
  6 electric eels
  3 howler monkeys
  A crimson imp (D:10)
  2 bullfrog zombies
  4 hounds
  3 centaur skeletons
  15 orc wizards
  7 orc priests
  3 jellies
  5 iguanas
  7 worker ants
  2 bullfrog skeletons
  A killer bee zombie (D:7)
  A hound zombie (D:8)
  A hound skeleton (D:6)
  A howler monkey zombie (D:6)
  3 gnolls (D:9)
  17 adders
  A howler monkey skeleton (D:10)
  A shadow imp (D:10)
  2 oozes (D:1)
  2 adder zombies
  An adder skeleton (D:5)
  7 leopard geckos
  40 orcs
  4 giant cockroaches
  A goblin (D:3)
  3 hobgoblins
  11 jackals
  7 quokkas
  6 bats
  3 frilled lizards
  A jackal skeleton (D:8)
  14 kobolds
  A leopard gecko zombie (D:7)
  A quokka zombie (D:9)
  5 rats
  6 fungi
  14 plants
556 creatures vanquished.

Vanquished Creatures (collateral kills)
  2 hydras (Lair:2)
  A spiny frog (Lair:2)
  A bullfrog (Lair:2)
  An iguana (Lair:2)
5 creatures vanquished.

Vanquished Creatures (others)
  A spriggan druid (Swamp:2)
  A rime drake (Swamp:4)
  A komodo dragon (Lair:6)
  A vampire mosquito (Swamp:2)
  An orc (D:10)
  3 fungi (Lair:6)
  13 plants
21 creatures vanquished.

Grand Total: 582 creatures vanquished

Notes
Turn   | Place    | Note
-------+----------+-------------------------------------------
     0 | D:1      | Flugslaktarn the Deep Dwarf Fighter began the quest for the
                  | Orb.
     0 | D:1      | Reached XP level 1. HP: 20/20 MP: 1/1
    16 | D:1      | Reached XP level 2. HP: 27/27 MP: 2/2
   243 | D:2      | Reached skill level 3 in Axes
   258 | D:2      | Reached XP level 3. HP: 20/33 MP: 3/3
   310 | D:2      | Found a faded altar of an unknown god.
   380 | D:3      | Reached XP level 4. HP: 29/42 MP: 4/4
   453 | D:4      | Noticed a phantom
   467 | D:4      | Reached skill level 4 in Axes
   467 | D:4      | Reached XP level 5. HP: 43/49 MP: 4/4
   487 | D:4      | Killed a phantom
   492 | D:4      | Reached XP level 6. HP: 31/57 MP: 5/5
   512 | D:4      | Reached skill level 5 in Axes
   581 | D:4      | Found a radiant altar of Vehumet.
   713 | D:4      | Got a warped flail
   714 | D:4      | Identified the +8 flail of the Crushed Suns {crush, Str+2}
                  | (You found it on level 4 of the Dungeon)
  1028 | D:4      | Reached XP level 7. HP: 55/64 MP: 3/3
  1362 | D:5      | Entered Level 5 of the Dungeon
  1416 | D:5      | Reached skill level 5 in Armour
  1416 | D:5      | Reached skill level 5 in Shields
  1440 | D:5      | Noticed Blork the orc
  1443 | D:5      | Reached skill level 6 in Axes
  1451 | D:5      | Killed Blork the orc
  1518 | D:5      | Reached XP level 8. HP: 48/73 MP: 3/3
  1532 | D:5      | Found a staircase to the Ecumenical Temple.
  1543 | Temple   | Entered the Ecumenical Temple
  1683 | Temple   | Became a worshipper of Makhleb the Destroyer
  1956 | D:5      | Reached skill level 7 in Axes
  1988 | D:5      | Noticed Menkaure
  1995 | D:5      | Reached skill level 1 in Invocations
  2005 | D:5      | Killed Menkaure
  2367 | D:6      | Noticed p0werm0de's ghost (novice DDFi)
  2398 | D:6      | Found a runed translucent gate.
  2398 | D:6      | Found a runed translucent gate.
  2398 | D:6      | Found a runed translucent gate.
  2445 | D:6      | Reached skill level 5 in Fighting
  2451 | D:6      | Reached * piety under Makhleb
  2665 | D:6      | Reached skill level 8 in Axes
  2976 | D:7      | Gained mutation: You passively map the area around you.
                  | [Deep Dwarf growth]
  2976 | D:7      | Reached XP level 9. HP: 46/81 MP: 3/3
  3029 | D:7      | Found a transporter.
  3033 | D:7      | Noticed Grum
  3174 | D:7      | Reached ** piety under Makhleb
  3399 | D:7      | Found a transporter.
  3401 | D:7      | Identified the ring "Wuloyph" {-Tele rElec rC+ Dex+5
                  | Slay+4}
  3421 | D:7      | Noticed Arum's ghost (novice OpVM)
  3828 | D:8      | Found a shadowy altar of Dithmenos.
  3839 | D:8      | Reached skill level 9 in Axes
  3957 | D:8      | Reached skill level 5 in Invocations
  4021 | D:8      | Noticed a two-headed ogre
  4034 | D:8      | Killed a two-headed ogre
  4034 | D:8      | Reached skill level 1 in Evocations
  4034 | D:8      | Reached XP level 10. HP: 46/91 MP: 4/6
  4098 | D:8      | Reached *** piety under Makhleb
  4295 | D:8      | Reached skill level 10 in Axes
  4609 | D:9      | Noticed Pikel
  4619 | D:9      | Killed Pikel
  4682 | D:9      | Reached **** piety under Makhleb
  4798 | D:9      | Noticed Prince Ribbit
  4814 | D:9      | Killed Prince Ribbit
  4822 | D:9      | Found Ciurch's Armour Shop.
  4977 | D:10     | Entered Level 10 of the Dungeon
  5039 | D:10     | Gained mutation: You are partially covered in rugged brown
                  | scales. (AC +1, +3% HP) [potion of mutation]
  5039 | D:10     | Gained mutation: Your spells are a little harder to cast,
                  | but a little more powerful. [potion of mutation]
  5039 | D:10     | Gained mutation: Your spells are harder to cast, but more
                  | powerful. [potion of mutation]
  5187 | D:10     | Found a staircase to the Orcish Mines.
  5235 | D:10     | Noticed Maurice
  5243 | D:10     | Reached skill level 11 in Axes
  5277 | D:10     | Reached XP level 11. HP: 101/101 MP: 7/7
  5367 | D:10     | Noticed Joseph
  5381 | D:10     | Killed Joseph
  5381 | D:10     | Reached skill level 5 in Evocations
  5490 | D:10     | Noticed a two-headed ogre
  5503 | D:10     | Killed a two-headed ogre
  5653 | D:10     | Noticed a two-headed ogre
  5660 | D:10     | Killed a two-headed ogre
  6063 | D:10     | Noticed a swamp dragon
  6074 | D:10     | Killed a swamp dragon
  6150 | D:10     | Noticed a red ugly thing
  6159 | D:10     | Killed a red ugly thing
  6185 | D:10     | Reached skill level 12 in Axes
  6192 | D:10     | Reached ***** piety under Makhleb
  6199 | D:10     | Found the +6 lightning scales {run, rElec}
  6221 | D:10     | Got a translucent copper ring
  6222 | D:10     | Identified the ring "Aceed" {Dex+5 Stlth-} (You found it on
                  | level 10 of the Dungeon)
  6458 | D:10     | Found a staircase to the Orcish Mines.
  6657 | D:10     | Killed Maurice
  7248 | D:11     | Found a blossoming altar of Fedhas.
  7337 | D:11     | Found a staircase to the Lair.
  7858 | Lair:1   | Entered Level 1 of the Lair of Beasts
  7861 | Lair:1   | Noticed Nergalle
  7881 | Lair:1   | Killed Nergalle
  7881 | Lair:1   | Reached XP level 12. HP: 81/113 MP: 8/8
  8629 | Lair:1   | Reached skill level 13 in Axes
  8629 | Lair:1   | Reached skill level 10 in Armour
  8657 | Lair:1   | Found the +8 whip "Snakebite" {curare, rPois}
  8872 | Lair:2   | Noticed Erica
  8886 | Lair:2   | Killed Erica
  9000 | Lair:2   | Reached skill level 10 in Shields
  9059 | Lair:2   | Noticed Urug
  9073 | Lair:2   | Killed Urug
  9635 | Lair:2   | Reached skill level 10 in Invocations
  9639 | Lair:2   | Noticed a five-headed hydra
  9641 | Lair:2   | Noticed a four-headed hydra
  9645 | Lair:2   | Killed a five-headed hydra
  9653 | Lair:2   | Killed a six-headed hydra
  9674 | Lair:2   | Found a staircase to the Swamp.
  9802 | Lair:2   | Noticed an eight-headed hydra
  9813 | Lair:2   | Killed a nine-headed hydra
 10071 | Lair:3   | Reached XP level 13. HP: 107/121 MP: 10/10
 10269 | Lair:3   | Got a slimy hat
 10275 | Lair:3   | Identified the +1 hat "Xan Jutz" {*Drain rF+ Int+3} (You
                  | found it on level 3 of the Lair of Beasts)
 10692 | Lair:3   | Found a hole to the Spider Nest.
 11014 | Lair:4   | Identified a scroll of acquirement
 11017 | Lair:4   | Found the +8 frozen axe "Frostbite" {freezing cloud, *Noise
                  | +Fly rC+}
 11124 | Lair:4   | Reached skill level 1 in Dodging
 11586 | Lair:5   | Reached skill level 14 in Axes
 11707 | Lair:5   | Noticed Kirke
 11722 | Lair:5   | Noticed a sphinx
 11722 | Lair:5   | Killed Kirke
 11732 | Lair:5   | Reached ****** piety under Makhleb
 11734 | Lair:5   | Reached skill level 10 in Evocations
 12232 | Lair:6   | Entered Level 6 of the Lair of Beasts
 12249 | Lair:6   | Gained mutation: You resist negative energy. (rN+) [Deep
                  | Dwarf growth]
 12249 | Lair:6   | Reached XP level 14. HP: 130/132 MP: 11/11
 12652 | Lair:6   | Reached skill level 15 in Axes
 12814 | Lair:6   | Reached skill level 5 in Dodging
 13356 | Swamp:1  | Entered Level 1 of the Swamp
 13467 | Swamp:3  | Reached skill level 10 in Fighting
 13571 | Swamp:4  | Entered Level 4 of the Swamp
 13625 | Swamp:4  | Noticed Donald
 13634 | Swamp:3  | HP: 5/135 [11-headed hydra (4)]
 13634 | Swamp:3  | Slain by an 11-headed hydra

Levels and vault maps discovered:
D:1:      onia_arrival_handbag, layout_basic
D:2:      layout_basic, chequers_ecumenical_altar_simple_redux
D:3:      layout_basic, first_ration
D:4:      layout_loops_ring, gup_sewer_entry_spiral, vehumet_altar_wand_db
D:5:      layout_loops_ring, minmay_temple_entry_proselytizer,
          water_maze_lemuel, uniq_menkaure, uniq_blork_the_orc
D:6:      layout_basic, gammafunk_ghost_icy
D:7:      layout_basic, gammafunk_ghost_gnarly_gnolls
D:8:      layout_loops_corners, lemuel_crystal_altar, david_nohive_1
D:9:      layout_rooms, serial_shops, nicolae_shop_behind_doors, uniq_pikel,
          uniq_prince_ribbit1
D:10:     minmay_the_grid_3x2 [minmay_the_grid_tiny_cups, minmay_the_grid_empty,
          minmay_the_grid_outer_circle, minmay_the_grid_dragon_b,
          minmay_the_grid_all_tris, minmay_the_grid_prize_trominoes],
          layout_stronghold, orc_0_dummy, minivault_27, uniq_maurice,
          uniq_joseph
D:11:     layout_gridville, david_lair_shrubbed, chequers_serial_rivers_small_a,
          fedhas_altar_3
Temple:   roderic_octagonal_lattice_temple
Lair:1:   minmay_guarded_unrand_snakebite, layout_gridlike, ldierk_geyser,
          grunt_megastairs_4, uniq_grum, uniq_nergalle
Lair:2:   cheibrodos_lair_river_kwai, layout_small_grid,
          palyth_hydra_swamp_entry, uniq_erica, uniq_urug
Lair:3:   layout_gridlike, spider_nest_entry_funnel_web, lemuel_fruit_tree,
          serial_bayou_shore_a, grunt_megastairs_3
Lair:4:   layout_gridlike, serial_bayou_lagoon_b
Lair:5:   layout_gridlike, uniq_kirke
Lair:6:   grunt_lair_end_beastmaster, layout_gridlike,
          minmay_slime_entry_oklob_enclosed, grunt_megastairs_1,
          minmay_lair_oklob_chamber, uniq_rupert
Swamp:1:  gammafunk_the_bubble [the_bubble_gammafunk_plus_minus],
          layout_basic_swamp, evilmike_swamp_ruin_house_1, uniq_aizul
Swamp:2:  layout_basic_swamp, hangedman_swamp_blocks, uniq_roxanne
Swamp:3:  layout_basic_swamp, basic_altar, infiniplex_staircase_pool
Swamp:4:  swamp_alternative, layout_basic_swamp, uniq_donald

Skill      XL: |  1  2  3  4  5  6  7  8  9 10 11 12 13 14 |
---------------+-------------------------------------------+-----
Axes           | 3 4 5 6 8 9 11 12 13 14 15 | 15.6
Fighting       | 3 4 5 6 7 8 9 10 | 10.2
Shields        | 4 5 6 7 8 9 10 | 10.4
Armour         | 4 5 6 7 8 9 10 11 12 | 12.0
Invocations    | 3 5 7 8 10 11 12 | 12.4
Evocations     | 1 4 7 8 10 11 | 11.5
Dodging        | 3 5 |  5.8

Action                   |  1- 3 |  4- 6 |  7- 9 | 10-12 | 13-15 || total
-------------------------+-------+-------+-------+-------+-------++-------
Melee: War axe           |    80 |   103 |    11 |       |       ||   194
       Flail             |       |     9 |   126 |       |       ||   135
       Hand axe          |       |       |   247 |   842 |   153 ||  1242
       Executioner's axe |       |       |       |       |   350 ||   350
Invok: Minor Destruction |       |       |       |     3 |       ||     3
       Lesser Servant of |       |       |       |     4 |       ||     4
 Abil: Heal Wounds       |     1 |     8 |    17 |    12 |     9 ||    47
Evoke: Wand              |       |       |     2 |     8 |       ||    10
  Use: Scroll            |       |       |       |    20 |     6 ||    26
       Potion            |       |       |       |     5 |     2 ||     7
 Stab: Petrified         |       |       |       |       |    11 ||    11
       Petrifying        |       |       |       |       |     1 ||     1
  Eat: Chunk             |       |     1 |    10 |    16 |    10 ||    37
       Ration            |       |       |       |     2 |     1 ||     3
Armor: Scale mail        |    51 |    54 |   122 |   120 |       ||   347
       Skin              |       |       |       |    11 |       ||    11
       Plate armour      |       |       |       |    82 |   391 ||   473
Dodge: Dodged            |    32 |    34 |   104 |   292 |   589 ||  1051
Block: Shield            |    57 |    78 |   196 |   395 |    51 ||   777
